 Dungeon Crawl Stone Soup version 0.30.1-11-g7821555f0a (webtiles) character file.

Game seed: 16481835897841399488

245 KittyFluff the Trooper (level 6, -10/39 HPs)
             Began as a Gargoyle Berserker on Nov 10, 2023.
             Was a Believer of Trog.
             Mangled by an ogre
             ... wielding a +0 giant spiked club
              (16 damage)
             ... on level 6 of the Dungeon.
             The game lasted 00:12:02 (3080 turns).

KittyFluff the Trooper (Gargoyle Berserker)         Turns: 3080, Time: 00:12:04

Health: -10/39     AC: 12    Str: 23    XL:     6   Next: 10%
Magic:  6/6        EV: 12    Int:  7    God:    Trog [**....]
Gold:   189        SH:  0    Dex:  9    Spells: 5/5 levels left

rFire   . . .        a - +0 mace
rCold   . . .        (no shield)
rNeg    + . .        u - +3 leather armour
rPois   ∞            (no helmet)
rElec   +            (no cloak)
rCorr   .            c - +0 pair of gloves
SInv    .            (no boots)
Will    .....        (no amulet)
Stlth   +            (no ring)
HPRegen 0.26/turn    (no ring)
MPRegen 0.10/turn

%: no passive effects
@: no status effects
A: sickness immunity, AC +4, negative energy resistance 1, electricity
resistance, torment resistance 1, petrification resistance
a: Renounce Religion, Berserk, Trog's Hand


You were on level 6 of the Dungeon.
You worshipped Trog.
Trog was pleased with you.
You visited 1 branch of the dungeon, and saw 6 of its levels.

You collected 189 gold pieces.

Inventory:

Hand Weapons
 a - a +0 mace (weapon)
Missiles
 m - 6 poisoned darts (quivered)
Armour
 c - a +0 pair of gloves (worn)
 u - a +3 leather armour (worn)
Wands
 v - a wand of flame (25)
Scrolls
 d - 2 scrolls of identify {unknown}
 e - 3 scrolls of teleportation {unknown}
 i - a scroll of noise {unknown}
 j - 2 scrolls of vulnerability {unknown}
 l - a scroll of summoning {unknown}
 n - a scroll of immolation
 o - a scroll of acquirement {unknown}
 t - a scroll of fear {unknown}
 w - a scroll of enchant weapon {unknown}
 x - a scroll of silence {unknown}
Potions
 b - 5 potions of curing {unknown}
 f - a potion of lignification {unknown}
 g - a potion of heal wounds {unknown}
 h - a potion of ambrosia {unknown}
 k - a potion of brilliance {unknown}
 p - a potion of cancellation {unknown}
 q - a potion of flight {unknown}
 r - a potion of magic {unknown}
 s - a potion of attraction {unknown}


   Skills:
 + Level 4.5 Fighting
 + Level 4.2 Maces & Flails
 + Level 3.8 Armour
 + Level 2.8 Dodging


You had 5 spell levels left.
You didn't know any spells.
Your spell library was empty.

Dungeon Overview and Level Annotations

Branches:
Dungeon (7/15)
 Temple: D:4-7

Altars:
Cheibriados
Uskayaw

Shops:
D:2 :   D:4 :


Innate Abilities, Weirdness & Mutations

You are immune to sickness and miasma.
Your stone body is resilient. (AC +4)
You are immune to poison.
You resist negative energy. (rN+)
You are resistant to electric shocks. (rElec)
You are resistant to unholy torment.
You are immune to petrification.


Message History

Found 36 gold pieces.
There is a stone staircase leading down here.
A white imp comes into view.
The white imp shouts!
An ogre comes into view. It is wielding a +0 giant spiked club.
Found 3 stones.
The ogre shouts!
You hear an angry growl.
You hear a loud, deep croak!
The white imp gestures at you. The puff of frost hits you.
You hit the white imp.
The white imp is moderately wounded.
The white imp misses you.
You barely miss the white imp.
The white imp is moderately wounded.
The white imp gestures at you. The puff of frost misses you.
You closely miss the white imp.
The white imp is moderately wounded.
The white imp gestures at you. The puff of frost hits you!
You closely miss the white imp.
The white imp is moderately wounded.
The white imp hits you but does no damage.
You closely miss the white imp.
The white imp is moderately wounded.
The white imp barely misses you. The ogre closely misses you.
The white imp gestures at you. The puff of frost misses you.
You barely miss the white imp.
The white imp is moderately wounded.
The ogre hits you with a +0 giant spiked club!
The white imp closely misses you.
You hit the white imp.
The white imp is heavily wounded.
The white imp lashes its tail.
The white imp gestures at you. The puff of frost hits you.
* * * LOW HITPOINT WARNING * * *
The ogre hits you with a +0 giant spiked club!
You die...

... #(....####
...###......#.#
..............
............#
...........#
........$.##
......$O5..#
.......@# #.
........####...
..............#
......#......##
##....#>##.###
....##.....#
.#.. #.......#
#. ..###..## #
##. ..#


You could see an ogre and a white imp.

Vanquished Creatures
  2 hounds (D:4)
  Jessica (D:2)
  Terence (D:2)
  An iguana (D:4)
  3 adders
  A worm (D:2)
  5 dart slugs
  An orc (D:3)
  5 bats
  5 endoplasms
  A giant cockroach (D:1)
  3 hobgoblins
  9 jackals (D:2)
  3 quokkas
  5 ball pythons
  4 frilled lizards
  11 goblins
  5 kobolds
  A rat (D:1)
67 creatures vanquished.

Notes
Turn   | Place    | Note
-------+----------+-------------------------------------------
     0 | D:1      | KittyFluff the Gargoyle Berserker began the quest for the
                  | Orb.
     0 | D:1      | Reached XP level 1. HP: 14/14 MP: 1/1
   278 | D:1      | Reached XP level 2. HP: 15/19 MP: 2/2
   586 | D:2      | Noticed Jessica
   597 | D:2      | Killed Jessica
   598 | D:2      | Reached XP level 3. HP: 8/24 MP: 3/3
   859 | D:2      | Noticed Terence
   878 | D:2      | Killed Terence
   879 | D:2      | Reached XP level 4. HP: 9/29 MP: 4/4
  1257 | D:2      | Found Famun's Book Emporium.
  1348 | D:2      | Reached ** piety under Trog
  1389 | D:2      | Identified the +0 chain mail of the Armoured One {Harm
                  | Int+3 Dex-4}
  1395 | D:2      | Found a faded altar of an unknown god.
  1900 | D:3      | Reached XP level 5. HP: 33/33 MP: 5/5
  2872 | D:4      | Found Qaizetag's Book Shop.
  2939 | D:4      | Reached XP level 6. HP: 23/39 MP: 6/6
  3001 | D:4      | Found a snail-covered altar of Cheibriados.
  3011 | D:4      | Found a hide-covered altar of Uskayaw.
  3014 | D:4      | You fall into a shaft and drop 3 floors!
  3080 | D:6      | Mangled by an ogre

Illustrated notes

Levels and vault maps discovered:
D:1:      dpeg_arrival_stone_temple_mockup, layout_basic
D:2:      wad_crossroads, layout_basic, serial_shops, nicolae_shop_tiny_glass,
          hellmonk_ecumenical_altar_blasted, grunt_ministairs_3,
          serial_bayou_lake_a, uniq_jessica, uniq_terence
D:3:      layout_basic
D:4:      layout_rooms, mainiacjoe_overflow_boulevard, cheibriados_altar_1,
          minmay_temple_entry_enclosed_plants, serial_shops,
          nicolae_shop_tiny_statue_garden
D:6:      layout_cave_pools, zin_statuary
D:7:      layout_loops_cross, minmay_misc_feat_cross, uniq_crazy_yiuf_cottage

Skill      XL: |  1  2  3  4  5 |
---------------+----------------+-----
Dodging        | 2 |  2.8
Armour         | 3 |  3.8
Fighting       | 4 |  4.5
Maces & Flails | 4 |  4.2

Action                     |  1- 3 |  4- 6 || total
---------------------------+-------+-------++-------
  Melee: Mace              |    67 |   205 ||   272
         Punch             |     1 |     2 ||     3
 Armour: Leather armour    |    16 |   116 ||   132
  Dodge: Dodged            |    33 |   169 ||   202
